 Dungeon Crawl Stone Soup version 0.22.1-1-ga44c0e56f4 (webtiles) character file.

22 Kaderl the Grave Robber (level 3, -2/24 HPs)
             Began as a Human Necromancer on Oct 1, 2018.
             Slain by a worm (12 damage)
             ... on level 2 of the Dungeon.
             The game lasted 00:06:51 (1207 turns).

Kaderl the Grave Robber (Human Necromancer)         Turns: 1207, Time: 00:06:52

Health: -2/24      AC:  2    Str:  8    XL:     3   Next: 7%
Magic:  3/6        EV: 12    Int: 16    God:
Gold:   50         SH:  0    Dex: 13    Spells: 4/6 levels left

rFire    . . .     SeeInvis .   (no weapon)
rCold    . . .     Gourm    .   (no shield)
rNeg     . . .     Faith    .   a - +0 robe
rPois    .         Spirit   .   (no helmet)
rElec    .         Reflect  .   (no cloak)
rCorr    .         Harm     .   (no gloves)
MR       .....                  (no boots)
Stlth    ++........             (no amulet)
HPRegen  0.08/turn              (no ring)
MPRegen  0.10/turn              (no ring)

@: no status effects
A: no striking features
a: no special abilities


You were on level 2 of the Dungeon.
You were not hungry.

You visited 1 branch of the dungeon, and saw 2 of its levels.

You collected 50 gold pieces.

Inventory:

Armour
 a - a +0 robe (worn)
Scrolls
 b - a scroll of identify {unknown}
 d - a scroll of enchant weapon {unknown}
 e - 2 scrolls of amnesia {unknown}
 f - 2 scrolls of teleportation {unknown}
Potions
 h - a potion of heal wounds {unknown}
Comestibles
 c - 5 rations
 g - 2 chunks of flesh


   Skills:
 + Level 2.1 Dodging
 + Level 2.1 Stealth
 + Level 2.3 Spellcasting
 + Level 4.4 Necromancy


You had 4 spell levels left.
You knew the following spells:

 Your Spells              Type           Power        Failure   Level  Hunger
a - Pain                  Necr           ###.         3%          1    #......
b - Animate Skeleton      Necr           N/A          3%          1    #......

Your spell library contained the following spells:

 Spells                   Type           Power        Failure   Level  Hunger
 Vampiric Draining        Necr           ###.......   10%         3    ###....
 Regeneration             Chrm/Necr      #.........   24%         3    ###....
 Animate Dead             Necr           N/A          32%         4    #####..


Dungeon Overview and Level Annotations

Branches:
Dungeon (2/15)

Altars:

Annotations:
D:2 Robin


Message History

Casting: Pain (safe; 3% risk of failure)
Confirm with . or Enter, or press ? or * to list all spells.
Aiming: Pain (safe; 3% risk of failure)
Press: ? - help, Shift-Dir - straight line, f - worm
Aim: a worm (chance to defeat MR: 81%)
The worm writhes in agony!
The worm bites you!
Casting: Pain (safe; 3% risk of failure)
Confirm with . or Enter, or press ? or * to list all spells.
Aiming: Pain (safe; 3% risk of failure)
Press: ? - help, Shift-Dir - straight line, f/p - worm
Aim: a worm (lightly wounded, chance to defeat MR: 81%)
The worm writhes in agony!
Casting: Pain (safe; 3% risk of failure)
Confirm with . or Enter, or press ? or * to list all spells.
Aiming: Pain (safe; 3% risk of failure)
Press: ? - help, Shift-Dir - straight line, f/p - worm
Aim: a worm (heavily wounded, chance to defeat MR: 81%)
The worm writhes in agony!
The worm bites you!
Ouch! That really hurt!
You die...

#...............
#.#.####..##.### #.#.# #...# #
# #.#.# ##.## .###. #. #.#.#
#...# .... .. #.#.###...##..#
#..# .. #.#.#.........# #..# #.
#.#...........# #..# #.
#.##......@.### #..# #.
#.##.....w### #..###.
#.##....).# #..##.(
#####.##.....############..##..
#.....##....>.w................
#.#########.#############.#####
#.# #.# #.# #.# #.# #.# #.# ...
#.#


You could see a worm.

Vanquished Creatures
  A dart slug (D:1)
  2 leopard geckos
  A ball python (D:2)
  A bat (D:1)
  4 hobgoblins
  A jackal (D:1)
  2 kobolds (D:2)
  2 frilled lizards (D:2)
  A rat (D:1)
15 creatures vanquished.

Vanquished Creatures (collateral kills)
  A jackal (D:1)
  A rat (D:1)
2 creatures vanquished.

Grand Total: 17 creatures vanquished

Notes
Turn   | Place    | Note
-------+----------+-------------------------------------------
     0 | D:1      | Kaderl the Human Necromancer began the quest for the Orb.
     0 | D:1      | Reached XP level 1. HP: 13/13 MP: 3/3
   131 | D:1      | Learned a level 1 spell: Animate Skeleton
   341 | D:1      | Reached XP level 2. HP: 17/19 MP: 1/5
   978 | D:2      | Noticed Robin
  1094 | D:2      | Reached XP level 3. HP: 24/24 MP: 4/6
  1207 | D:2      | Slain by a worm

Action                   || total
-------------------------++-------
Melee: Unarmed           ||    20
 Cast: Pain              ||    39
       Animate Skeleton  ||     7
  Eat: Chunk             ||     2
Armor: Robe              ||     6
Dodge: Dodged            ||    32
